 Dungeon Crawl Stone Soup version 0.27.0-1-g7a089689b8 (webtiles) character file.

Game seed: 15932082935199039939

2091 Malachi the Cudgeller (level 9, -15/69 HPs)
             Began as a Formicid Fighter on Aug 12, 2021.
             Was an Elder of Nemelex Xobeh.
             Demolished by a boulder beetle (34 damage)
             ... on level 7 of the Dungeon.
             The game lasted 00:19:57 (6767 turns).

Malachi the Cudgeller (Formicid Fighter)            Turns: 6767, Time: 00:19:58

Health: -15/69     AC: 14    Str: 24    XL:     9   Next: 52%
Magic:  9/9        EV:  5    Int:  6    God:    Nemelex Xobeh [****..]
Gold:   283        SH: 16    Dex: 10    Spells: 8/8 levels left

rFire    + . .     SeeInvis +   g - +0 great mace (vamp)
rCold    . . .     Faith    +   e - +0 tower shield
rNeg     . . .     Spirit   .   p - +0 plate armour
rPois    .         Reflect  .   (helmet unavailable)
rElec    .         Harm     .   (no cloak)
rCorr    .         Rampage  .   i - +0 pair of gloves
Will     .....                  (no boots)
Stlth    ..........             l - amulet of faith
HPRegen  0.21/turn              (no ring)
MPRegen  0.11/turn              (no ring)

@: no status effects
A: permanent stasis, dig shafts and tunnels, antennae 3, four strong arms, dopey
1, fire resistance 1, mutation resistance 1
a: Dig, Shaft Self, Renounce Religion, Draw Escape, Draw Destruction, Draw
Summoning, Triple Draw, Deal Four


You were on level 7 of the Dungeon.
You worshipped Nemelex Xobeh.
Nemelex Xobeh was greatly pleased with you.
You visited 1 branch of the dungeon, and saw 7 of its levels.

You collected 283 gold pieces.

Inventory:

Hand Weapons
 a - a +1 flail
 d - a +2 dagger of venom
 g - a +0 vampiric great mace (weapon)
Missiles
 s - 2 throwing nets
Armour
 e - a +0 tower shield (worn)
 i - a +0 pair of gloves (worn)
 p - a +0 plate armour (worn)
Magical Staves
 f - a staff of fire
Jewellery
 l - an amulet of faith (around neck)
 q - a ring of ice
Wands
 c - a wand of mindburst (15)
 n - a wand of paralysis (13)
 o - a wand of flame (24)
Scrolls
 j - a scroll of magic mapping
 k - a scroll of immolation
 m - a scroll of silence
 r - a scroll of noise
Potions
 b - 3 potions of heal wounds
 h - 3 potions of lignification
 u - 2 potions of curing
 v - a potion of might


   Skills:
 + Level 5.8 Fighting
 + Level 7.7 Maces & Flails
 + Level 6.8 Armour
 + Level 1.9 Dodging
 + Level 0.6 Stealth
 + Level 7.6 Shields


You had 8 spell levels left.
You didn't know any spells.
Your spell library contained the following spells:

 Spells                   Type           Power      Damage    Failure   Level
 Corona                   Hex            0%         N/A       100%        1
 Ensorcelled Hibernation  Hex/Ice        0%         N/A       100%        2
 Slow                     Hex            0%         N/A       100%        2
 Confusing Touch          Hex            0%         N/A       100%        3
 Stone Arrow              Conj/Erth      0%         3d7       100%        3
 Tukima's Dance           Hex            0%         N/A       100%        3
 Vampiric Draining        Necr           0%         2d6       100%        3
 Bolt of Magma            Conj/Fire/Erth 0%         4d4       100%        5
 Shatter                  Erth           0%         3d5*      100%        9


Dungeon Overview and Level Annotations

Branches:
Dungeon (7/15)             Temple (0/1) D:6

Altars:
Ashenzari
Cheibriados
Dithmenos
Hepliaklqana
Nemelex Xobeh
Trog
Wu Jian
Yredelemnul

Shops:
D:5 *


Innate Abilities, Weirdness & Mutations

You cannot be hasted, slowed, berserked, paralysed or teleported.
You can dig through walls and to a lower floor.
You have a pair of large antennae on your head. (SInv)
Your four strong arms can wield two-handed weapons with a shield.
You are dopey. (Int -2)
Your flesh is heat resistant. (rF+)
You are somewhat resistant to further mutation.


Message History

You hit the boulder beetle.
You feel better.
The boulder beetle is lightly wounded.
You block the boulder beetle's attack. x2
You sock the boulder beetle!
The boulder beetle is lightly wounded.
The boulder beetle bites you but does no damage.
You hit the boulder beetle but do no damage.
The boulder beetle is lightly wounded.
A hornet comes into view.
You block the boulder beetle's attack. The boulder beetle bites you!!
The hornet buzzes angrily.
You hit the boulder beetle but do no damage.
The boulder beetle is lightly wounded.
The boulder beetle waves its antennae.
You block the boulder beetle's attack.
Welcome back, Malachi the Formicid Fighter.
Nemelex Xobeh says: It's all in the cards!
Press ? for a list of commands and other information.
Okay, then.
You draw a card...
You have drawn the Elements.
The deck of cards glows with a rainbow of weird colours and disappears.
The boulder beetle bites you.
You swap places.
The hornet stings your molten gargoyle! The boulder beetle bites you!!
* * * LOW HITPOINT WARNING * * *
The hornet stings your molten gargoyle!
Your molten gargoyle is destroyed!
Your polar bear bites the boulder beetle but does no damage.
Your polar bear claws the boulder beetle but does no damage. x2
Your catoblepas gores the boulder beetle.
The boulder beetle curls into a ball and begins rolling!
Your polar bear bites the boulder beetle but does no damage.
Your polar bear claws the boulder beetle but does no damage. x2
Your catoblepas gores the boulder beetle but does no damage.
The hornet completely misses your polar bear.
The hornet barely misses your polar bear.
Found 19 stones.
The boulder beetle hits you!!
You die...
Your body glows with a rainbow of weird colours and disappears.

#.### # ##.#
# #..# #..#
#y## ####
##.# .....##
#h°#
)......##Y.#
.......@#○##
..?.....B.#
..........#
.(........#
.........##
########.#
..# .. ..#
#### # ..
..# #..## ##


You could see a boulder beetle (rolling).

Vanquished Creatures
  Pikel (D:4)
  A warg (D:6)
  A water moccasin (D:6)
  2 orc warriors (D:6)
  A necrophage (D:6)
  3 phantoms
  2 kobold brigands (D:6)
  A lemure (D:4)
  A gnoll sergeant (D:6)
  A scorpion (D:5)
  2 water moccasin skeletons
  A howler monkey (D:6)
  A jelly (D:4)
  3 orc priests
  An iguana (D:5)
  9 orc wizards
  2 killer bee zombies
  A howler monkey zombie (D:5)
  3 gnolls
  3 adders
  A howler monkey skeleton (D:6)
  A shadow imp (D:7)
  An adder skeleton (D:4)
  2 worms
  4 dart slugs
  19 orcs
  9 endoplasms
  6 giant cockroaches
  11 goblins
  13 hobgoblins
  4 jackals (D:4)
  14 kobolds
  7 quokkas
  6 ball pythons
  5 bats
  4 frilled lizards
  7 rats
154 creatures vanquished.

Vanquished Creatures (collateral kills)
  An endoplasm (D:1)
1 creature vanquished.

Vanquished Creatures (others)
  18 plants
18 creatures vanquished.

Grand Total: 173 creatures vanquished

Notes
Turn   | Place    | Note
-------+----------+-------------------------------------------
     0 | D:1      | Malachi the Formicid Fighter began the quest for the Orb.
     0 | D:1      | Reached XP level 1. HP: 18/18 MP: 1/1
    36 | D:1      | You fall into a shaft and drop 1 floor!
   257 | D:1      | Reached XP level 2. HP: 22/24 MP: 2/2
   310 | D:1      | Found a faded altar of an unknown god.
   360 | D:1      | Became a worshipper of Nemelex Xobeh the Trickster
   360 | D:1      | Reached * piety under Nemelex Xobeh
   443 | D:1      | Received a gift from Nemelex Xobeh
   655 | D:1      | Reached XP level 3. HP: 19/29 MP: 3/3
  1471 | D:2      | Reached XP level 4. HP: 30/37 MP: 4/4
  1989 | D:3      | Reached ** piety under Nemelex Xobeh
  2253 | D:3      | You fall into a shaft and drop 2 floors!
  2253 | D:5      | Entered Level 5 of the Dungeon
  2343 | D:4      | Noticed a lemure
  2348 | D:4      | Killed a lemure
  2349 | D:4      | Noticed a lemure
  2354 | D:4      | Noticed Pikel
  2364 | D:4      | Noticed a lemure
  2367 | D:4      | Noticed a lemure
  2369 | D:4      | You fall into a shaft and drop 3 floors!
  2374 | D:7      | Found a bloodstained altar of Trog.
  2389 | D:7      | Reached XP level 5. HP: 12/42 MP: 5/5
  2576 | D:6      | Noticed a kobold brigand
  2579 | D:6      | Noticed a necrophage
  2595 | D:6      | Killed a necrophage
  2596 | D:6      | Reached skill level 1 in Dodging
  2596 | D:6      | Reached XP level 6. HP: 31/48 MP: 6/6
  2769 | D:6      | Reached skill level 5 in Maces & Flails
  2780 | D:6      | Noticed an orc warrior
  2781 | D:6      | Killed an orc warrior
  2782 | D:6      | Reached XP level 7. HP: 38/54 MP: 7/7
  3013 | D:6      | Reached skill level 5 in Shields
  3016 | D:6      | Noticed a water moccasin
  3018 | D:6      | Gained mutation: You are somewhat resistant to further
                  | mutation. [potion of mutation]
  3018 | D:6      | Gained mutation: You are dopey. (Int -2) [potion of
                  | mutation]
  3018 | D:6      | Gained mutation: Your flesh is heat resistant. (rF+)
                  | [potion of mutation]
  3029 | D:6      | Killed a water moccasin
  3332 | D:6      | Reached XP level 8. HP: 44/61 MP: 8/8
  3689 | D:5      | Reached skill level 5 in Armour
  4120 | D:5      | Received a gift from Nemelex Xobeh
  4172 | D:5      | Reached *** piety under Nemelex Xobeh
  4219 | D:5      | Found a shadowy altar of Dithmenos.
  4220 | D:5      | Found Coeju's Commerce Corner.
  4494 | D:4      | Found a hazy altar of Hepliaklqana.
  4512 | D:4      | Found a basalt altar of Yredelemnul.
  4576 | D:4      | Found a broken altar of Ashenzari.
  4805 | D:4      | Killed Pikel
  4806 | D:4      | Reached skill level 5 in Fighting
  4806 | D:4      | Reached XP level 9. HP: 52/68 MP: 9/9
  5344 | D:3      | Found a snail-covered altar of Cheibriados.
  5347 | D:3      | Found an ornate altar of the Wu Jian Council.
  6361 | D:6      | Found a staircase to the Ecumenical Temple.
  6536 | D:7      | Reached **** piety under Nemelex Xobeh
  6746 | D:7      | Noticed a boulder beetle
  6761 | D:7      | Noticed a hornet
  6767 | D:7      | Demolished by a boulder beetle

Illustrated notes

Levels and vault maps discovered:
D:1:      roderic_dead_forest, layout_basic, dreamdust_ecumenical_altar_grove
D:2:      layout_basic, serial_bayou_pond_b, minmay_goblin_kobold_house
D:3:      layout_rooms, minitemple
D:4:      layout_loops_ring, nicolae_hepliaklqana_hazy_memory,
          mainiacjoe_overflow_paths, evilmike_ruin_ashenzari, uniq_pikel
D:5:      layout_basic, nicolae_dithmenos_through_a_glass_darkly,
          portal_sewer_entry_f, nicolae_alphabet_shops,
          minmay_a_box_with_orc_wizards_in_it
D:6:      layout_gridville, minmay_temple_entry_glassed_door,
          lexackson_kobold_supper
D:7:      layout_cave_pods, okawaru_metal_pillars_3, overflow_temple_1_default,
          bloody_makhleb

Skill      XL: |  1  2  3  4  5  6  7  8 |
---------------+-------------------------+-----
Shields        | 4 5 7 |  7.6
Maces & Flails | 3 4 5 7 |  7.7
Armour         | 4 6 |  6.8
Fighting       | 4 5 |  5.8
Dodging        | 1 |  1.9
Stealth        | |  0.6

Action                   |  1- 3 |  4- 6 |  7- 9 || total
-------------------------+-------+-------+-------++-------
Melee: Flail             |    96 |    96 |   308 ||   500
       Great mace        |       |       |    48 ||    48
Invok: Draw Summoning    |     1 |       |     2 ||     3
       Draw Destruction  |     1 |     2 |     9 ||    12
       Draw Escape       |       |       |     1 ||     1
 Abil: Dig               |     6 |     2 |     9 ||    17
       Shaft Self        |       |     1 |       ||     1
  Use: Scroll            |     1 |       |     8 ||     9
       Potion            |     1 |     1 |     6 ||     8
Armor: Scale mail        |    26 |    38 |       ||    64
       Plate armour      |       |       |   164 ||   164
       Skin              |       |       |    20 ||    20
Dodge: Dodged            |    25 |    17 |    58 ||   100
Block: Kite shield       |    30 |       |       ||    30
       Tower shield      |    33 |    83 |   375 ||   491
